 Dungeon Crawl Stone Soup version 0.27.1-2-g3b301248ec (webtiles) character file.

Game seed: 10340636283807488806

148 belegose the Ducker (level 5, -3/31 HPs)
             Began as a Kobold Arcane Marksman on Sept 27, 2021.
             Slain by Pikel (10 damage)
             ... on level 3 of the Dungeon.
             The game lasted 00:11:51 (6132 turns).

belegose the Ducker (Kobold Arcane Marksman)        Turns: 6132, Time: 00:11:52

Health: -3/31      AC:  3    Str:  8    XL:     5   Next: 56%
Magic:  6/6        EV: 14    Int: 15    God:
Gold:   133        SH:  4    Dex: 15    Spells: 5/6 levels left

rFire    . . .     SeeInvis .   b - +0 whip (elec)
rCold    . . .     Faith    .   g - +0 buckler
rNeg     . . .     Spirit   .   h - +0 robe
rPois    .         Reflect  .   (no helmet)
rElec    .         Harm     .   (no cloak)
rCorr    .         Rampage  .   t - +0 pair of gloves
Will     .....                  (no boots)
Stlth    +++.......             (no amulet)
HPRegen  0.10/turn              (no ring)
MPRegen  0.10/turn              (no ring)

@: no status effects
A: small, no large weapons, nightstalker 3
a: no special abilities


You were on level 3 of the Dungeon.
You visited 1 branch of the dungeon, and saw 4 of its levels.

You collected 133 gold pieces.

Inventory:

Hand Weapons
 a - a +1 dagger of speed
 b - a +0 whip of electrocution (weapon)
Missiles
 c - 2 throwing nets
 e - 178 stones
 i - 23 bolts
 o - 7 boomerangs (quivered)
Armour
 g - a +0 buckler (worn)
 h - a +0 robe (worn)
 j - a +0 leather armour
 m - a +0 ring mail
 t - a +0 pair of gloves (worn)
Scrolls
 f - 5 scrolls of identify {unknown}
 k - a scroll of magic mapping {unknown}
 n - a scroll of fog {unknown}
 p - 2 scrolls of enchant armour {unknown}
 q - a scroll of blinking {unknown}
 r - a scroll of teleportation {unknown}
 s - a scroll of noise {unknown}
 u - a scroll of enchant weapon {unknown}
Potions
 d - a potion of heal wounds {unknown}
 l - a potion of brilliance {unknown}
 v - a potion of mutation {unknown}


   Skills:
 + Level 2.5 Fighting
 - Level 1.1 Short Blades
 + Level 1.2 Maces & Flails
 + Level 3.2 Throwing
 - Level 3.2 Dodging
 + Level 2.8 Stealth
 + Level 0.7 Shields
 - Level 1.1 Spellcasting
 - Level 3.0 Hexes


You had 5 spell levels left.
You knew the following spells:

 Your Spells              Type           Power      Damage    Failure   Level
a - Corona                Hex            10%        N/A       11%         1

Your spell library contained the following spells:

 Spells                   Type           Power      Damage    Failure   Level
 Slow                     Hex            9%         N/A       17%         2
 Beastly Appendage        Tmut           0%         N/A       36%         1
 Foxfire                  Conj/Fire      0%         2x1d4     36%         1
 Wereblood                Tmut           0%         N/A       50%         2
 Inner Flame              Hex/Fire       5%         N/A       52%         3
 Portal Projectile        Hex/Tloc       10%        N/A       52%         3
 Cause Fear               Hex            4%         N/A       73%         4
 Conjure Flame            Conj/Fire      0%         6-21      75%         3
 Spider Form              Tmut/Pois      0%         N/A       75%         3


Dungeon Overview and Level Annotations

Branches:
Dungeon (4/15)
 Temple: D:4-7

Altars:
Cheibriados
Elyvilon
Nemelex Xobeh
Ru
Zin
The Shining One

Shops:
D:1 *   D:2 ?   D:4 [

Annotations:
D:3 exclusion: ogre, Pikel
D:4 exclusion: orc warrior, Edmund


Innate Abilities, Weirdness & Mutations

You are small and have problems with some larger weapons.
You are completely attuned to the shadows.


Message History

The lemure shouts!
Throw: 7 boomerangs
Press: ? - help, Q - select action, (/) - cycle Shift-Dir - straight line, f/p - Pikel
Aim: Pikel, wielding a +2 whip of flaming and wearing a +0 robe (lightly wounded, 53% to hit)
You throw a boomerang. The boomerang hits Pikel.
Pikel is lightly wounded.
Pikel hits you with a +2 whip of flaming.
Pikel burns you.
You hit Pikel. Lightning courses through Pikel!
Pikel is heavily wounded.
Pikel hits you with a +2 whip of flaming.
Pikel burns you.
You miss Pikel.
Pikel is heavily wounded.
Pikel closely misses you.
You hit Pikel but do no damage.
Pikel is moderately wounded.
The lemure completely misses you.
Pikel hits you with a +2 whip of flaming.
Pikel burns you. You block the lemure's attack.
Pikel hits you with a +2 whip of flaming.
Pikel burns you.
* * * LOW HITPOINT WARNING * * *
The lemure closely misses you.
You barely miss Pikel.
Pikel is moderately wounded.
Pikel hits you with a +2 whip of flaming.
* * * LOW HITPOINT WARNING * * *
Pikel burns you.
* * * LOW HITPOINT WARNING * * *
You barely miss Pikel.
Pikel is moderately wounded.
Pikel closely misses you.
You closely miss Pikel.
Pikel is moderately wounded.
Pikel closely misses you.
You hit Pikel but do no damage.
Pikel is moderately wounded.
Pikel hits you with a +2 whip of flaming!
You die...

*,,,******,**,,,,,,* #.# #
#...* #.#*,,,,,,* #.# # #...#
#.#*....,,* #.# # #...#
#.#*....,)**#.# #
##...######.#*....,,K<#.# #
#......5....##....,..##.###
###....######..'....,........
#.#....#.####.##....,..##.###
##.#.......5K@.......,.,*#.#
#..#......#.##.##....,,,*#.#
#..#.#..#.#.##.#*.#..,,,,#.#
#..#.#..#.#.##.#*,********,*
#..#.#....#.##.#*,,,,,,,,,,*
#..#.#..#.#.##.###############
#..#.##.#.#.##................
#..#...).......###############
#.........#.##.#


You could see Pikel and a lemure.

Vanquished Creatures
  A lemure (D:3)
  A bullfrog skeleton (D:4)
  An iguana (D:4)
  An adder (D:4)
  3 gnolls
  2 dart slugs (D:4)
  2 orcs
  6 endoplasms
  2 giant cockroaches
  A hobgoblin (D:4)
  2 quokkas (D:2)
  5 ball pythons
  9 bats
  9 frilled lizards
  6 goblins
  6 kobolds
  A rat (D:3)
58 creatures vanquished.

Notes
Turn   | Place    | Note
-------+----------+-------------------------------------------
     0 | D:1      | belegose the Kobold Arcane Marksman began the quest for the
                  | Orb.
     0 | D:1      | Reached XP level 1. HP: 12/12 MP: 2/2
   412 | D:1      | Found Xuthreul's Assorted Antiques.
   460 | D:1      | Reached XP level 2. HP: 16/16 MP: 3/3
   581 | D:1      | Reached skill level 1 in Stealth
  1022 | D:1      | Found a faded altar of an unknown god.
  1495 | D:1      | Reached XP level 3. HP: 14/20 MP: 4/4
  1674 | D:2      | Reached skill level 1 in Short Blades
  1743 | D:2      | Found Xofedi's Magic Scroll Shoppe.
  2885 | D:3      | Found a sacrificial altar of Ru.
  3192 | D:3      | Noticed an ogre
  3770 | D:3      | Found a glowing silver altar of Zin.
  3771 | D:3      | Found a white marble altar of Elyvilon.
  3771 | D:3      | Found a glowing golden altar of the Shining One.
  3904 | D:3      | Reached XP level 4. HP: 26/26 MP: 5/5
  4496 | D:4      | Noticed Edmund
  4758 | D:4      | Noticed an orc warrior
  4818 | D:4      | Found Yseroc's Antique Armour Shoppe.
  4859 | D:4      | Found a sparkling altar of Nemelex Xobeh.
  4879 | D:4      | Reached skill level 1 in Maces & Flails
  4879 | D:4      | Reached XP level 5. HP: 28/31 MP: 6/6
  4988 | D:4      | Noticed a lemure
  4989 | D:4      | Noticed Pikel
  5029 | D:4      | Noticed a lemure
  5103 | D:4      | Noticed a lemure
  5126 | D:4      | Found a snail-covered altar of Cheibriados.
  5171 | D:4      | Noticed a lemure
  5192 | D:3      | Killed a lemure
  6132 | D:3      | Slain by Pikel

Illustrated notes

Levels and vault maps discovered:
D:1:      psy_arrival_statuary, layout_loops_ring, serial_shops,
          nicolae_shop_trees, shapermc_ecumenical_altar_flowoftime
D:2:      layout_basic, serial_rivers, chequers_serial_rivers_marsh,
          chequers_serial_rivers_small_a, chequers_serial_rivers_micro_c,
          chequers_serial_rivers_micro_b, chequers_serial_rivers_small_a,
          serial_shops, nicolae_diamond_shop, chequers_serial_rivers_micro_d,
          minmay_lizard_pond
D:3:      layout_basic, good_gods_temple_1, nicolae_ru_sacrificial_ziggurat,
          solitary_fountain
D:4:      layout_basic, mainiacjoe_overflow_small_starburst,
          kennysheep_little_box, temple_green, serial_shops,
          nicolae_square_shop, chequers_serial_rivers_marsh, chequers_garden,
          uniq_pikel, uniq_edmund

Skill      XL: |  1  2  3  4 |
---------------+-------------+-----
Stealth        | 1 2 |  2.8
Short Blades   | 1 |  1.1
Dodging        | 3 |  3.2
Fighting       | 2 |  2.5
Throwing       | 3 |  3.2
Maces & Flails | 1 |  1.2
Shields        | |  0.7
Spellcasting   | |  1.1
Hexes          | |  3.0

Action                   |  1- 3 |  4- 6 || total
-------------------------+-------+-------++-------
Melee: Unarmed           |    35 |       ||    35
       Dagger            |    74 |       ||    74
       Whip              |    18 |    69 ||    87
Throw: Boomerang         |    12 |     3 ||    15
       Stone             |     8 |       ||     8
 Stab: Sleeping          |    12 |     4 ||    16
Armor: Robe              |    29 |     3 ||    32
Dodge: Dodged            |   118 |    37 ||   155
Block: Buckler           |       |     8 ||     8
